 Dungeon Crawl Stone Soup version 0.19-a0-1071-g4ed3155 (webtiles) character file.

65902 4thArraOfDagon the Grappler (level 14, -3/159 HPs)
             Began as a Troll Arcane Marksman on Aug 4, 2016.
             Was a High Priest of Makhleb.
             Slain by a deep elf knight
             ... wielding a +0 scimitar
              (24 damage)
             ... on level 1 of the Elven Halls on Aug 5, 2016.
             The game lasted 01:32:56 (14090 turns).

4thArraOfDagon the Grappler (TrAM)                 Turns: 14090, Time: 01:32:57

Health: -3/159     AC:  6    Str: 22    XL:     14   Next: 77%
Magic:  20/22      EV: 19    Int: 13    God:    Makhleb [*****.]
Gold:   1548       SH:  5    Dex: 14    Spells: 2 memorised, 16 levels left

rFire  x x .     SeeInvis .       - Unarmed
rCold  + + +     Gourm    +     (armour currently unavailable)
rNeg   . . .     Faith    .     (shield currently unavailable)
rPois  +         Spirit   .     (helmet currently unavailable)
rElec  .         Dismiss  .     (cloak currently unavailable)
rCorr  .         Reflect  +     (gloves unavailable)
SustAt .         Harm     .     (boots unavailable)
MR     +++..                    Q - +5 amulet of reflection
Stlth  ++........               m - ring of ice
                                D - ring of protection from magic

@: agile, ice-form, very slightly contaminated, hasted, very quick
A: unfitting armour, (claws 0), (hooves 0), (molten scales 0), fast metabolism
3, gourmand, magic resistance 1, regeneration 2, (shaggy fur 0), (tough skin 0),
subdued magic 1
a: End Transformation, Minor Destruction, Lesser Servant of Makhleb, Major
Destruction, Greater Servant of Makhleb, Renounce Religion


You were on level 1 of the Elven Halls.
You worshipped Makhleb.
Makhleb was extremely pleased with you.
You were not hungry.
You were a creature of crystalline ice.
You visited 5 branches of the dungeon, and saw 26 of its levels.
You also visited: Labyrinth and Bailey.

You collected 2216 gold pieces.
You spent 668 gold pieces at shops.

Inventory:

Hand Weapons
 p - a +0 giant spiked club
 N - a +0 blowgun
Missiles
 d - a throwing net
 s - 2 large rocks (quivered)
 w - 3 silver javelins
Armour
 r - a +1 robe of magic resistance
 u - a +1 cloak of magic resistance (melded)
 U - the +0 robe of the Gate {rC++}
   (You found it on level 1 of the Elven Halls)

   It greatly protects you from cold.
 Y - a +2 robe of cold resistance (melded)
Jewellery
 m - a ring of ice (right front paw)
 n - an uncursed ring of fire
 D - a ring of protection from magic (left front paw)
 M - an uncursed ring of see invisible
 Q - a +5 amulet of reflection (around neck)
 R - an uncursed ring of protection from cold
 V - an uncursed ring of flight
 W - an uncursed ring of sustain attributes
Wands
 o - a wand of paralysis (8/24)
 t - a wand of digging (9/24)
 y - a wand of hasting (4/9)
 L - a wand of confusion (35/48)
Scrolls
 a - 2 scrolls of identify
 e - 3 scrolls of immolation
 g - 3 scrolls of amnesia
 j - 8 scrolls of teleportation
 l - 2 scrolls of enchant weapon
 q - 8 scrolls of remove curse
 x - a scroll of noise
 C - 4 scrolls of enchant armour
 E - a scroll of recharging
 K - a scroll of fog
 X - a scroll of blinking
Potions
 c - 2 potions of cure mutation
 i - 2 potions of cancellation
 z - a potion of ambrosia
 A - 3 potions of might
 B - 2 potions of resistance
 F - a potion of agility
 H - 2 potions of flight
 I - 2 potions of haste
 J - 2 potions of magic
 T - 2 potions of berserk rage
Books
 b - a book of Debilitation

   Spells                             Type                      Level
   a - Corona                         Hexes                        1
   b - Slow                           Hexes                        2
   c - Gell's Gravitas                Hexes/Translocation          3
   d - Inner Flame                    Hexes/Fire                   3
   e - Cause Fear                     Hexes                        4
   f - Leda's Liquefaction            Hexes/Earth                  4
Miscellaneous
 O - a box of beasts
 S - a lamp of fire
Comestibles
 f - 11 bread rations
 h - 9 meat rations
 k - 2 fruits
 v - a royal jelly
 G - 9 slices of pizza
 P - a beef jerky


   Skills:
 + Level 7.0 Fighting
 - Level 1.7 Throwing
 - Level 7.0 Dodging
 - Level 14.0 Unarmed Combat
 - Level 6.4 Spellcasting
 - Level 2.0 Hexes
 - Level 10.0 Transmutations
 - Level 6.0 Invocations
 * Level 6.2 Evocations


You had 16 spell levels left.
You knew the following spells:

 Your Spells              Type           Power        Failure   Level  Hunger
a - Silence               Hex/Air        #.........   100%        5    ######.
b - Ice Form              Ice/Tmut       ###.....     17%         4    ####...


Dungeon Overview and Level Annotations

Branches:
Dungeon (15/15)            Temple (1/1) D:7            Lair (6/6) D:11
  Swamp (0/4) Lair:2        Slime (0/5) Lair:6          Orc (2/2) D:12
    Elf (2/3) Orc:2
  Snake: Lair:2-4    Spider: Lair:2-4    Vaults: D:13-14     Depths: D:15

Altars:
Cheibriados
Elyvilon
Fedhas
Gozag
Hepliaklqana
Makhleb
Pakellas
Qazlal
Ru
Yredelemnul
The Shining One
Beogh
Jiyva

Shops:
D:10 (   Orc:1 [*(=*   Orc:2 **[(?   Elf:1 (

Annotations:
D:8 4 runed doors
D:10 exclusion: downstairs
D:11 exclusion: downstairs
D:15 Urug
Orc:1 exclusion: downstairs


Innate Abilities, Weirdness & Mutations

You are too large for most types of armour.
((You have claws for hands.))
Your metabolism is lightning-fast.
You like to eat raw meat.
You heal very quickly.
((You are covered in fur. (AC +1)))
((You have very tough skin. (AC +2)))
((You have large cloven feet.))
((You are partially covered in molten scales. (AC +2)))
You are resistant to hostile enchantments. (MR+)
Your spells are a little easier to cast, but a little less powerful.


Message History

The stone arrow hits the deep elf knight.
The deep elf knight moves out of view.
Found 27 gold pieces.
You see here 2 arrows.
Unknown command.
Unknown command.
Unknown command.
The deep elf knight casts a spell at you.
The stone arrow misses you.
Unknown command.
Unknown command.
A deep elf mage comes into view. It is wielding a vampiric short sword.
There is an open door here.
Unknown command.
You miss the deep elf knight.
The deep elf knight is heavily wounded.
The deep elf mage gestures wildly while chanting.
The deep elf mage blinks!
The deep elf knight hits you with a scimitar!!
You die...

#..≈≈≈#......'...#........
#..≈≈≈#..##..#.).#........
#..≈≈≈#).##..######.......
#..≈≈≈'..##..'...##'......
#..≈≈≈#..##..#...#.##.....
#..≈≈≈#).##..#)..#######'#
#..≈≈≈#......#...# #.#
#..≈≈8#...(((#...# #.#
#.#######Y##*##### #.#
#.#.....e..#.*. #.#
#.#e..§.e$.#.4s.. #.#
#.#$.....$.#.....# ##'#
#)################ #..#
#..............# ##...
#######.......# #...'
#.......# #.8.. ##.....##
#####


You could see 2 deep elf knights and a deep elf mage.

Vanquished Creatures
  An orc warlord (Bailey)
  Azrael (Orc:2)
  A hydra (Lair:5)
  A centaur warrior (D:13)
  4 death yaks
  A tengu warrior (D:15)
  2 dancing weapons (Elf:1)
  5 orc high priests
  2 deep elf knights (Elf:1)
  A skeletal warrior (D:14)
  3 hill giants
  2 deep elf archers (Elf:1)
  5 orc knights
  An orc sorcerer (Elf:1)
  9 deep elf magi
  An elephant (Lair:6)
  A black mamba (Lair:6)
  2 gargoyles
  Maurice (D:8)
  A torpor snail (Lair:4)
  2 spiny frogs
  5 komodo dragons
  2 rime drakes
  A polar bear (shapeshifter) (D:15)
  Prince Ribbit (D:9)
  2 slime creatures (D:10)
  18 blink frogs
  An air elemental (Elf:1)
  A shadow (D:13)
  33 yaks
  2 water elementals (Elf:1)
  2 wraiths
  A wyvern (Lair:6)
  2 basilisks
  5 fire elementals
  6 hippogriffs
  A hog (Lair:4)
  A human (D:10)
  2 hungry ghosts
  2 mottled dragons
  2 wargs (Orc:2)
  6 hell hounds
  14 water moccasins
  11 porcupines
  2 sky beasts
  An ice beast (D:10)
  31 orc warriors
  7 necrophages
  7 ogres
  3 black bears
  A phantom (D:9)
  5 wolves
  11 centaurs
  7 crocodiles
  2 big kobolds
  11 giant frogs
  2 earth elementals
  A water moccasin zombie (D:9)
  3 scorpions
  4 killer bees (D:9)
  9 wights
  An electric eel (Lair:2)
  A howler monkey (D:6)
  2 crimson imps
  A jelly (D:8)
  25 orc priests
  6 hounds
  2 centaur skeletons (D:12)
  7 iguanas
  Ijyb (D:2)
  19 orc wizards
  3 worker ants
  A howler monkey zombie (D:10)
  2 worker ant zombies (D:5)
  12 gnolls
  7 adders
  18 river rats
  6 shadow imps
  An adder skeleton (D:4)
  2 worms
  2 giant geckos (D:1)
  74 orcs
  2 giant cockroaches
  15 hobgoblins
  11 jackals
  9 kobolds
  2 quokkas
  8 bats
  A giant newt (D:5)
  22 goblins
  A quokka zombie (D:6)
  5 rats
  A plant (Lair:6)
545 creatures vanquished.

Vanquished Creatures (collateral kills)
  An acid blob (Lair:6)
  3 dire elephants (Lair:6)
  A minotaur (Lab)
  An ettin (Orc:2)
  Fannar (Orc:1)
  An anaconda (Lair:6)
  A hydra (Lair:3)
  A death knight (D:12)
  2 death yaks (Lair:5)
  2 orc high priests
  2 hill giants
  A phantasmal warrior (D:12)
  5 orc knights
  2 deep elf magi
  An ugly thing (D:11)
  A manticore (D:9)
  A black mamba (Lair:4)
  3 elephants (Lair:6)
  3 spiny frogs
  3 komodo dragons
  A freezing wraith (D:12)
  A troll (Orc:1)
  A slime creature (D:10)
  12 blink frogs
  3 yaks
  A basilisk (Lair:3)
  A warg (Orc:2)
  3 water moccasins
  23 orc warriors
  A swamp drake (D:12)
  An ice beast (D:9)
  A necrophage (D:10)
  A wolf (Lair:3)
  3 ogres
  A scorpion (D:10)
  A jelly (D:9)
  A killer bee (D:9)
  A crimson imp (D:13)
  9 orc priests
  An iguana (Lair:3)
  An orc wizard (Orc:2)
  2 gnolls (Bailey)
  19 orcs
  2 goblins (Bailey)
  2 hobgoblins (Bailey)
  4 kobolds
  A butterfly (Lair:2)
  A fungus (Lair:2)
  2 plants (Lair:6)
137 creatures vanquished.

Vanquished Creatures (others)
  A warg (Orc:1)
  An orc warrior (Orc:2)
  An orc wizard (D:9)
  2 orcs (Orc:2)
  A quokka (D:7)
  A bush (Lair:4)
  6 fungi
  9 plants
22 creatures vanquished.

Grand Total: 704 creatures vanquished

Notes
Turn   | Place    | Note
-------+----------+-------------------------------------------
     0 | D:1      | 4thArraOfDagon the Troll Arcane Marksman began the quest for the Orb.
     0 | D:1      | Reached XP level 1. HP: 18/18 MP: 1/1
    68 | D:1      | Reached skill level 1 in Unarmed Combat
    97 | D:1      | timbw: troll
    97 | D:1      | timbw: :D
   109 | D:1      | Reached XP level 2. HP: 26/26 MP: 2/2
   126 | D:1      | Reached skill level 2 in Unarmed Combat
   141 | D:1      | 4thArraOfDagon: great troll
   141 | D:1      | 4thArraOfDagon: incoming!
   158 | D:1      | 4thArraOfDagon: in streak
   189 | D:2      | Noticed Ijyb
   208 | D:2      | Killed Ijyb
   208 | D:2      | Reached skill level 3 in Unarmed Combat
   208 | D:2      | Reached XP level 3. HP: 28/32 MP: 3/3
   406 | D:4      | Noticed a centaur
   424 | D:4      | Killed a centaur
   424 | D:4      | Reached skill level 4 in Unarmed Combat
   424 | D:4      | Reached XP level 4. HP: 23/40 MP: 4/4
   474 | D:5      | Entered Level 5 of the Dungeon
   514 | D:5      | Reached XP level 5. HP: 33/46 MP: 5/5
   566 | D:5      | Reached skill level 5 in Unarmed Combat
   743 | D:5      | Noticed a sky beast
   765 | D:5      | Killed a sky beast
   765 | D:5      | Reached skill level 6 in Unarmed Combat
   765 | D:5      | Reached XP level 6. HP: 42/54 MP: 6/6
   922 | D:5      | Found a stormy altar of Qazlal.
   924 | D:5      | Noticed a water elemental
   925 | D:5      | Noticed an air elemental
   925 | D:5      | Noticed a fire elemental
   977 | D:7      | Found a glowing golden altar of the Shining One.
   986 | D:7      | Found a staircase to the Ecumenical Temple.
   993 | D:7      | Noticed a hippogriff
   996 | Temple   | Entered the Ecumenical Temple
  1008 | Temple   | Became a worshipper of Makhleb the Destroyer
  1029 | D:7      | Killed a hippogriff
  1029 | D:7      | Reached skill level 7 in Unarmed Combat
  1029 | D:7      | Reached XP level 7. HP: 33/61 MP: 7/7
  1128 | D:7      | Reached skill level 8 in Unarmed Combat
  1138 | D:7      | Gained mutation: You have a pair of small horns on your head. [potion of mutation]
  1138 | D:7      | Gained mutation: Your mind is acute. (Int +2) [potion of mutation]
  1138 | D:7      | Gained mutation: You are weak. (Str -2) [potion of mutation]
  1259 | D:6      | Reached * piety under Makhleb
  1366 | D:4      | Reached skill level 9 in Unarmed Combat
  1484 | D:4      | Reached XP level 8. HP: 60/68 MP: 8/8
  1603 | D:1      | Reached ** piety under Makhleb
  1667 | D:3      | Found a blossoming altar of Fedhas.
  1755 | D:4      | You fall through a shaft for 3 floors!
  1919 | D:7      | Found a white marble altar of Elyvilon.
  1996 | D:8      | Reached skill level 10 in Unarmed Combat
  2040 | D:8      | 4thArraOfDagon: sec
  2040 | D:8      | Upgraded the game from 0.19-a0-1068-g99dd0f4 to 0.19-a0-1071-g4ed3155
  2290 | D:8      | Found a huge runed gate.
  2290 | D:8      | Found a huge runed gate.
  2290 | D:8      | Found a huge runed gate.
  2290 | D:8      | Found a huge runed gate.
  2290 | D:8      | Noticed a polar bear
  2290 | D:8      | Noticed a polar bear
  2291 | D:8      | Noticed a polar bear
  2291 | D:8      | Noticed a polar bear
  2292 | D:8      | Noticed a griffon
  2292 | D:8      | Noticed a polar bear
  2294 | D:8      | Noticed a griffon
  2381 | D:8      | Reached skill level 1 in Invocations
  2425 | D:8      | Reached skill level 11 in Unarmed Combat
  2451 | D:9      | Found a flagged portal.
  2486 | D:8      | Reached XP level 9. HP: 60/75 MP: 9/9
  2495 | D:8      | Noticed Maurice
  2508 | D:8      | Killed Maurice
  2539 | Bailey   | Entered a bailey
  2587 | Bailey   | Reached *** piety under Makhleb
  2849 | Bailey   | Noticed an orc knight
  2860 | Bailey   | Killed an orc knight
  2860 | Bailey   | Reached skill level 12 in Unarmed Combat
  3011 | Bailey   | Noticed an orc warlord
  3042 | Bailey   | Noticed an orc knight
  3071 | Bailey   | Killed an orc warlord
  3071 | Bailey   | Reached XP level 10. HP: 66/83 MP: 12/12
  3079 | Bailey   | Killed an orc knight
  3079 | Bailey   | Reached skill level 13 in Unarmed Combat
  3301 | D:9      | Reached skill level 5 in Invocations
  3312 | D:9      | Reached **** piety under Makhleb
  3553 | D:9      | Noticed a manticore
  3585 | D:9      | Killed a manticore
  3631 | D:9      | Noticed Prince Ribbit
  3649 | D:9      | Killed Prince Ribbit
  3714 | D:8      | Reached skill level 14 in Unarmed Combat
  3839 | D:10     | Entered Level 10 of the Dungeon
  3841 | D:10     | Noticed a hill giant
  3847 | D:10     | Killed a hill giant
  3895 | D:10     | Noticed a hill giant
  3907 | D:10     | Killed a hill giant
  4025 | D:10     | Noticed a hill giant
  4045 | D:10     | Killed a hill giant
  4129 | D:10     | Reached XP level 11. HP: 76/89 MP: 14/14
  4166 | D:10     | Reached skill level 5 in Dodging
  4345 | D:10     | Found Detim's Antique Weapon Shop.
  4367 | D:10     | Reached skill level 1 in Fighting
  4456 | D:11     | Noticed a brown ugly thing
  4463 | D:11     | Killed a brown ugly thing
  4496 | D:11     | Gained mutation: Potions and wands are less effective at restoring your health. [mutagenic meat]
  4499 | D:11     | Gained mutation: Scrolls take you a little longer to read. [mutagenic meat]
  4502 | D:11     | Gained mutation: You are partially covered in icy blue scales. (AC +2) [mutagenic meat]
  4621 | D:11     | Found a staircase to the Lair.
  4659 | D:11     | Noticed a seven-headed hydra
  4794 | D:11     | Noticed a hill giant
  4954 | D:12     | Noticed a death knight
  4954 | D:12     | Noticed a phantasmal warrior
  5214 | D:12     | Killed a death knight
  5222 | D:12     | Killed a phantasmal warrior
  5269 | D:12     | Noticed a deep elf mage
  5280 | D:12     | Killed a deep elf mage
  5379 | D:12     | Learned a level 4 spell: Ice Form
  5429 | D:12     | Noticed a hill giant
  5486 | D:12     | Found a staircase to the Orcish Mines.
  5495 | D:12     | Noticed a hill giant
  5518 | D:12     | Killed a hill giant
  5567 | Orc:1    | Entered Level 1 of the Orcish Mines
  5567 | Orc:1    | Found Cyusuec's Armour Shoppe.
  5567 | Orc:1    | Noticed an orc high priest
  5578 | D:12     | Killed an orc high priest
  5578 | D:12     | Reached skill level 1 in Transmutations
  5628 | Orc:1    | Found Aqoent's Weapon Shoppe.
  5641 | Orc:1    | Found Qoma's General Store.
  5658 | Orc:1    | Bought a scroll of identify for 30 gold pieces
  5691 | Orc:2    | Entered Level 2 of the Orcish Mines
  5727 | Orc:2    | Noticed an ettin
  5737 | Orc:2    | Killed an ettin
  5779 | Orc:2    | Found a roughly hewn altar of Beogh.
  5907 | Orc:2    | Noticed an orc knight
  5962 | Orc:2    | Noticed an orc knight
  5975 | Orc:2    | Killed an orc knight
  5981 | Orc:2    | Killed an orc knight
  6003 | Orc:2    | Noticed an orc knight
  6020 | Orc:2    | Noticed an orc high priest
  6038 | Orc:2    | Killed an orc knight
  6038 | Orc:2    | Reached XP level 12. HP: 41/107 MP: 15/15
  6048 | Orc:2    | Killed an orc high priest
  6173 | Orc:2    | HP: 4/109 [warg (11)]
  6190 | Orc:2    | Noticed Azrael
  6223 | Orc:1    | Identified a scroll of acquirement
  6302 | Orc:2    | Killed Azrael
  6370 | Orc:1    | Noticed Fannar
  6440 | Orc:2    | Found a staircase to the Elven Halls.
  6458 | Orc:2    | Reached ***** piety under Makhleb
  6460 | Orc:2    | Found Ikyxawk's General Store.
  6553 | Orc:1    | Found Dotall's Jewellery Boutique.
  6558 | Orc:1    | Noticed an orc high priest
  6684 | Orc:2    | Reached skill level 5 in Fighting
  6787 | Orc:2    | Noticed an orc high priest
  6803 | Orc:2    | Killed an orc high priest
  6827 | Orc:2    | Reached skill level 5 in Transmutations
  6973 | Orc:2    | Noticed an orc high priest
  6979 | Orc:2    | Killed an orc high priest
  7235 | Orc:2    | Noticed an orc high priest
  7261 | Orc:2    | Killed an orc high priest
  7303 | Orc:2    | Noticed an orc high priest
  7337 | Orc:2    | Killed an orc high priest
  7378 | Orc:2    | Found Qongi's Assorted Antiques.
  7378 | Orc:2    | Found Zewu's Antique Armour Emporium.
  7379 | Orc:2    | Found Gasuaral's Weapon Shoppe.
  7379 | Orc:2    | Found Pasourhoe's Magic Scroll Emporium.
  7386 | Orc:2    | Bought a scroll labeled NACKECR AZAHOU for 28 gold pieces
  7386 | Orc:2    | Bought a scroll labeled ZAUL JUTU UNY for 28 gold pieces
  7390 | Orc:2    | Bought a runed robe for 17 gold pieces
  7403 | Orc:2    | Bought a scroll of teleportation for 45 gold pieces
  7403 | Orc:2    | Bought a scroll of identify for 30 gold pieces
  7522 | Orc:1    | Killed an orc high priest
  7612 | Orc:1    | Killed Fannar
  7623 | Orc:1    | Found Acur Giu's General Store.
  7640 | Orc:1    | Bought a potion of might for 56 gold pieces
  7640 | Orc:1    | Bought a wand of hasting (1/9) for 420 gold pieces
  7640 | Orc:1    | Bought a scroll of random uselessness for 14 gold pieces
  7817 | D:13     | Lost mutation: You have a pair of small horns on your head. [potion of cure mutation]
  7817 | D:13     | Lost mutation: You are partially covered in icy blue scales. (AC +2) [potion of cure mutation]
  7817 | D:13     | Lost mutation: You are weak. (Str -2) [potion of cure mutation]
  7817 | D:13     | Lost mutation: Your mind is acute. (Int +2) [potion of cure mutation]
  7818 | D:13     | Lost mutation: Scrolls take you a little longer to read. [potion of cure mutation]
  7818 | D:13     | Lost mutation: Potions and wands are less effective at restoring your health. [potion of cure mutation]
  7954 | D:13     | Reached XP level 13. HP: 101/118 MP: 19/19
  8205 | D:15     | Entered Level 15 of the Dungeon
  8312 | D:15     | Gained mutation: Scrolls take you a little longer to read. [mutagenic meat]
  8315 | D:15     | Gained mutation: You are weak. (Str -2) [mutagenic meat]
  8318 | D:15     | Gained mutation: You are clumsy. (Dex -2) [mutagenic meat]
  8321 | D:15     | Gained mutation: You are partially covered in icy blue scales. (AC +2) [mutagenic meat]
  8365 | D:15     | Reached skill level 5 in Spellcasting
  8369 | D:15     | Noticed Urug
  8764 | Lair:1   | Entered Level 1 of the Lair of Beasts
  9319 | Lair:2   | Found a labyrinth entrance.
  9403 | Lab      | Entered a labyrinth
  9486 | Lab      | 4thArraOfDagon: laggg
  9503 | Lab      | timbw: oh joy
  9524 | Lab      | timbw: a labyrinth
  9541 | Lab      | Noticed a minotaur
  9553 | Lab      | timbw: what
  9561 | Lab      | timbw: why did that guy wander about
  9562 | Lab      | Killed a minotaur
  9575 | Lab      | timbw: did u make noise
  9581 | Lab      | 4thArraOfDagon: nope
  9585 | Lab      | timbw: he was comming at you
  9585 | Lab      | 4thArraOfDagon: he just lured randombly
  9587 | Lair:2   | 4thArraOfDagon: what the
  9587 | Lair:2   | 4thArraOfDagon: wrong button
  9587 | Lair:2   | 4thArraOfDagon: why
  9587 | Lair:2   | timbw: ive done that once or twice t.t
  9587 | Lair:2   | 4thArraOfDagon: <
  9587 | Lair:2   | timbw: :<
  9587 | Lair:2   | timbw: sigh
  9587 | Lair:2   | 4thArraOfDagon: < and , is on the same button
  9587 | Lair:2   | 4thArraOfDagon: wtf
  9693 | Lair:2   | Found a staircase to the Swamp.
  9904 | Lair:2   | Gained mutation: Your magical capacity is low. (-10% MP) [potion of mutation]
  9904 | Lair:2   | Gained mutation: You are resistant to hostile enchantments. (MR+) [potion of mutation]
  9904 | Lair:2   | Gained mutation: Your spells are a little easier to cast, but a little less powerful. [potion of mutation]
  9905 | Lair:2   | WHY
  9905 | Lair:2   | Lost mutation: Scrolls take you a little longer to read. [potion of cure mutation]
  9905 | Lair:2   | Lost mutation: You are clumsy. (Dex -2) [potion of cure mutation]
  9905 | Lair:2   | Lost mutation: Your magical capacity is low. (-10% MP) [potion of cure mutation]
  9905 | Lair:2   | Lost mutation: You are weak. (Str -2) [potion of cure mutation]
 11344 | Lair:6   | Entered Level 6 of the Lair of Beasts
 11344 | Lair:6   | Found a staircase to the Slime Pits.
 11344 | Lair:6   | Found a viscous altar of Jiyva.
 11494 | Lair:6   | Reached XP level 14. HP: 127/127 MP: 22/22
 11606 | Lair:5   | Reached skill level 10 in Transmutations
 12028 | Lair:6   | Reached skill level 1 in Evocations
 12177 | Lair:6   | Noticed an acid blob
 12181 | Lair:6   | WTF
 12232 | Lair:6   | Killed an acid blob
 12492 | Lair:6   | Learned a level 5 spell: Silence
 12674 | Lair:6   | Lost mutation: You are partially covered in icy blue scales. (AC +2) [potion of mutation]
 12674 | Lair:6   | Gained mutation: You have large cloven feet. [potion of mutation]
 12674 | Lair:6   | Gained mutation: You are partially covered in molten scales. (AC +2) [potion of mutation]
 13384 | Elf:1    | Entered Level 1 of the Elven Halls
 13477 | Elf:1    | Reached skill level 5 in Evocations
 13761 | Elf:1    | Found Poiss's Weapon Shop.
 14021 | Elf:1    | Got a smoking robe
 14025 | Elf:1    | Identified the +0 robe of the Gate {rC++} (You found it on level 1 of the Elven Halls)
 14090 | Elf:1    | Slain by a deep elf knight

Vault maps used:
D:1:      dpeg_cavernosity, minmay_pentomino_u4
D:2:      lemuel_crystal_altar, serial_bayou_pond_e, uniq_iyjb, uniq_terence
D:3:      fedhas_altar_fruit_tree
D:4:      okawaru_altar_gauntlet_db
D:5:      nicolae_qazlal_style_of_elements, first_bread
D:6:      grunt_temple_overflow_order_and_chaos_1, marbit_many_paths,
          basic_altar
D:7:      lemuel_upstairs_altar, elyvilon_altar_4, basic_altar
D:8:      lemuel_bear_cage, uniq_maurice
D:9:      enter_bailey_2, grunt_tough_drop, uniq_prince_ribbit1
D:10:     serial_shops, shop, grunt_pizzeria
D:11:     minmay_lair_entry_lava
D:12:     erik_orc_1
D:14:     david_vaults_5, nicolae_dithmenos_the_darkroom
D:15:     grunt_enter_depths_magical_seal, serial_park_tiny_pond, uniq_agnes,
          uniq_urug
Temple:   eino_wide_crystal_templ
Lair:1:   serial_bayou_crossing, lemuel_fruit_fields
Lair:2:   statuecave_lemuel, swamp_mist_pool, lab_entry_generic,
          roderic_carrion_pond, infiniplex_staircase_pool
Lair:3:   beast_lair_carwin_large_3, infiniplex_staircase_pool_2,
          lemuel_fruit_tree
Lair:4:   spider_nest_entry_funnel_web, hangedman_lair_generics_rect, uniq_kirke
Lair:6:   due_jungle_book, slime_altar_1, serial_bayou_shore_b
Orc:1:    serial_shops, shop, nicolae_shop_window_shopping,
          nicolae_shop_waterfront, shop, shop, uniq_fannar
Orc:2:    st_orc_pillars, serial_shops, shop, basic_altar, uniq_azrael
Elf:1:    elf_arrival_001, serial_glass, glass_columns_a, glass_columns_a,
          serial_shops, shop_statue, evilmike_minifort
Elf:2:    uniq_donald
Lab:      labyrinth_green, nicolae_lab_diamond, nicolae_lab_stuck,
          nicolae_lab_grate, nicolae_lab_blocks
Bailey:   bailey_axe_minmay_hex_keep, bailey

Skill      XL: |  1  2  3  4  5  6  7  8  9 10 11 12 13 14 |
---------------+-------------------------------------------+-----
Unarmed Combat | 1 3 4 6 7 9 11 12 14 | 14.0
Invocations    | 1 4 6 |  6.0
Dodging        | 4 6 7 |  7.0
Fighting       | 4 5 7 |  7.0
Spellcasting   | 3 4 6 |  6.4
Transmutations | 3 6 9 10 | 10.0
Evocations     | 6 |  6.2
Throwing       | |  1.7
Hexes          | |  2.0

Action                   |  1- 3 |  4- 6 |  7- 9 | 10-12 | 13-15 || total
-------------------------+-------+-------+-------+-------+-------++-------
Melee: Unarmed           |    88 |    82 |   342 |   708 |   829 ||  2049
       Punch             |       |     3 |     8 |    37 |    32 ||    80
       Headbutt          |       |       |    46 |   109 |       ||   155
       Kick              |       |       |       |       |     1 ||     1
Throw: Throwing net      |       |     2 |     1 |       |     1 ||     4
       Large rock        |       |       |    13 |     2 |     3 ||    18
       Javelin           |       |       |     3 |       |       ||     3
 Cast: Ice Form          |       |       |       |       |    17 ||    17
Invok: Lesser Servant of |       |       |     8 |    48 |    32 ||    88
       Greater Servant o |       |       |       |       |     2 ||     2
       Major Destruction |       |       |       |       |     1 ||     1
 Abil: End Transformatio |       |       |       |       |     7 ||     7
Evoke: Wand              |       |       |       |     5 |     7 ||    12
       Lamp of fire      |       |       |       |       |     1 ||     1
  Use: Scroll            |     2 |       |     4 |     8 |    16 ||    30
       Potion            |     1 |     1 |     6 |    12 |    11 ||    31
 Stab: Distracted        |       |       |     2 |     5 |     3 ||    10
       Sleeping          |       |       |     1 |       |       ||     1
  Eat: Chunk             |     6 |     7 |    27 |    54 |    65 ||   159
       Fruit             |       |       |       |     3 |       ||     3
Armor: Robe              |    53 |    19 |    64 |   158 |   150 ||   444
       Skin              |       |       |    11 |     1 |    16 ||    28
Dodge: Dodged            |    64 |    30 |   117 |   276 |   292 ||   779
Block: Other             |       |       |       |       |     7 ||     7
       Reflection        |       |       |       |       |     1 ||     1
